 Dungeon Crawl Stone Soup version 0.26-a0-651-gb41185065b (webtiles) character file.

Game seed: 14455022640511762718

1553 Azzok the Insei (level 8, -4/54 HPs)
             Began as a Demonspawn Transmuter on Oct 18, 2020.
             Killed by divine providence
             ... invoked by an orc priest
              (12 damage)
             ... on level 10 of the Dungeon.
             The game lasted 00:09:33 (8910 turns).

Azzok the Insei (Demonspawn Transmuter)             Turns: 8910, Time: 00:09:34

Health: -4/54      AC:  2    Str: 12    XL:     8   Next: 57%
Magic:  0/11       EV: 19    Int: 18    God:
Gold:   443        SH:  0    Dex: 18    Spells: 3/11 levels left

rFire    . . .     SeeInvis .     - Unarmed
rCold    . . .     Faith    .   (shield currently unavailable)
rNeg     + . .     Spirit   +   (armour currently unavailable)
rPois    x         Reflect  .   (helmet currently unavailable)
rElec    .         Harm     .   (cloak currently unavailable)
rCorr    +         Rampage  .   (gloves currently unavailable)
MR       .....                  (boots currently unavailable)
Stlth    ++........             (no amulet)
HPRegen  0.18/turn              n - ring of resist corrosion
MPRegen  0.12/turn              w - ring of positive energy

@: spider-form (expiring)
A: tiny, magic shield, big brain 1
a: End Transformation


You were on level 10 of the Dungeon.
You were a venomous arachnid creature.
You visited 2 branches of the dungeon, and saw 9 of its levels.

You collected 443 gold pieces.

Inventory:

Armour
 q - a +0 pair of boots (melded)
 t - a +1 robe of magic resistance (melded)
Jewellery
 n - a ring of resist corrosion (left front leg)
 w - a ring of positive energy (right front leg)
 x - an uncursed ring of see invisible {unknown}
Wands
 a - a wand of polymorph (5)
Scrolls
 b - 2 scrolls of magic mapping
 e - 2 scrolls of enchant weapon
 k - a scroll of amnesia {unknown}
 m - 3 scrolls of remove curse
 p - 2 scrolls of teleportation
 r - a scroll of fear {unknown}
 s - a scroll of fog {unknown}
Potions
 c - 2 potions of berserk rage {unknown}
 d - 3 potions of degeneration {unknown}
 f - a potion of cancellation
 g - 2 potions of flight
 h - a potion of haste
 i - a potion of stabbing {unknown}
 j - a potion of heal wounds
 l - 5 potions of curing
 o - 2 potions of magic
 u - 2 potions of mutation {!q}
 v - 2 potions of brilliance


   Skills:
 - Level 1.0 Fighting
 - Level 1.7 Dodging
 + Level 7.5 Unarmed Combat
 - Level 2.0 Spellcasting
 + Level 7.2 Transmutations


You had 3 spell levels left.
You knew the following spells:

 Your Spells              Type           Power        Failure   Level
a - Beastly Appendage     Tmut           ####..       4%          1
b - Spider Form           Tmut/Pois      ##........   28%         3
c - Ice Form              Ice/Tmut       ##......     61%         4

Your spell library contained the following spells:

 Spells                   Type           Power        Failure   Level
 Wereblood                Tmut           ####....     6%          2
 Confusing Touch          Hex            #.......     69%         3
 Gell's Gravitas          Tloc           #.........   69%         3
 Blade Hands              Tmut           ####......   47%         5
 Petrify                  Tmut/Erth      ##......     61%         4
 Yara's Violent Unravell  Hex/Tmut       ##........   89%         5
 Metabolic Englaciation   Hex/Ice        #.........   100%        5


Dungeon Overview and Level Annotations

Branches:
Dungeon (7/15)             Temple (1/1) D:6

Altars:
Ashenzari
Dithmenos
Elyvilon
Gozag
Hepliaklqana
Kikubaaqudgha
Makhleb
Nemelex Xobeh
Okawaru
Qazlal
Ru
Sif Muna
Trog
Uskayaw
Vehumet
Wu Jian
Xom
Yredelemnul
Zin
The Shining One

Annotations:
D:6 2 runed translucent doors, Lanoc's ghost, novice DrTm


Innate Abilities, Weirdness & Mutations

((You have very sharp fingernails.))
When hurt, damage is shared between your health and your magic reserves.
You have an unusually large brain. (Int +2)


Message History

Your magical contamination has completely faded away.
You hit the orc warrior but do no damage.
The orc warrior is moderately wounded.
Your transformation is almost over.
The bullfrog misses you. The bullfrog barely misses you.
You bite the orc!
You kill the orc!
You kill the bullfrog!
The orc warrior completely misses you. The orc closely misses you.
You barely miss the orc.
The orc warrior hits you with a +0 flail!
* * * LOW MAGIC WARNING * * *;
* * * LOW HITPOINT WARNING * * *
You bite the orc priest!
The orc priest is poisoned.
The orc priest is heavily wounded.
The orc priest barely misses you. The orc completely misses you.
You barely miss the orc priest.
The orc priest is heavily wounded.
The orc warrior barely misses you.
The orc priest mumbles some strange prayers to Beogh against you.
Beogh smites you!
You die...

▒▒▒ ▒▒▒·▒▒
·>·▒▒·o··▒▒▒▒
······†s··▒·▒▒
······oo·····▒
············▒▒▒▒
········▒▒···▒·▒▒
$······▒▒▒▒·····▒
········▒▒·▒▒▒··▒
···············▒▒
···············▒
·······▒▒····▒▒


You could see an orc warrior (very poisoned), an orc priest (very poisoned) and
an orc.

Vanquished Creatures
  An orc warrior (D:6)
  An ice beast (D:7)
  2 ogres
  A centaur (D:6)
  4 bullfrogs
  A wight (D:7)
  A howler monkey (D:5)
  3 centaur skeletons
  3 jellies
  3 orc wizards
  2 orc priests
  2 hounds
  Jessica (D:3)
  An iguana (D:4)
  3 worker ants
  4 gnolls (D:7)
  9 adders
  A shadow imp (D:4)
  An ufetubus (D:5)
  2 oozes
  4 worms
  3 dart slugs
  6 leopard geckos
  23 orcs
  2 ball pythons
  8 giant cockroaches
  7 goblins
  6 hobgoblins
  5 jackals
  4 quokkas
  8 bats
  6 frilled lizards
  A jackal skeleton (D:4)
  3 kobolds
  2 leopard gecko skeletons
  A leopard gecko zombie (D:6)
  9 rats
  A toadstool (D:4)
145 creatures vanquished.

Vanquished Creatures (others)
  4 fungi (D:4)
  4 toadstools (D:4)
8 creatures vanquished.

Grand Total: 153 creatures vanquished

Notes
Turn   | Place    | Note
-------+----------+-------------------------------------------
     0 | D:1      | Azzok the Demonspawn Transmuter began the quest for the
                  | Orb.
     0 | D:1      | Reached XP level 1. HP: 15/15 MP: 3/3
   209 | D:1      | Gained mutation: You have an unusually large brain. (Int
                  | +2) [demonic ancestry]
   209 | D:1      | Reached XP level 2. HP: 18/21 MP: 5/5
   892 | D:1      | Gained mutation: You have sharp fingernails. [demonic
                  | ancestry]
   892 | D:1      | Reached XP level 3. HP: 26/26 MP: 4/6
  1471 | D:2      | Gained mutation: You have very sharp fingernails. [demonic
                  | ancestry]
  1471 | D:2      | Reached XP level 4. HP: 20/32 MP: 5/7
  1687 | D:2      | HP: 1/32 [poisoned by a worker ant]
  2265 | D:3      | Learned a level 3 spell: Spider Form
  2453 | D:3      | Reached XP level 5. HP: 37/37 MP: 4/8
  2528 | D:3      | Noticed Jessica
  2532 | D:3      | Killed Jessica
  3327 | D:4      | Gained mutation: When hurt, damage is shared between your
                  | health and your magic reserves. [demonic ancestry]
  3327 | D:4      | Reached XP level 6. HP: 33/43 MP: 2/9
  3694 | D:4      | Found a burning altar of Makhleb.
  3780 | D:4      | Reached skill level 5 in Unarmed Combat
  4740 | D:5      | Entered Level 5 of the Dungeon
  4803 | D:5      | Found a basalt altar of Yredelemnul.
  4987 | D:5      | Learned a level 4 spell: Ice Form
  5000 | D:5      | Reached skill level 5 in Transmutations
  5000 | D:5      | Reached XP level 7. HP: 32/48 MP: 7/10
  5684 | D:5      | Found an ornate altar of the Wu Jian Council.
  5684 | D:5      | Found a sparkling altar of Nemelex Xobeh.
  5686 | D:5      | Found a shimmering altar of Xom.
  7226 | D:6      | Found a large runed translucent door.
  7226 | D:6      | Found a large runed translucent door.
  7231 | D:6      | Noticed Lanoc's ghost (novice DrTm)
  7317 | D:6      | Reached XP level 8. HP: 40/54 MP: 6/11
  7686 | D:6      | Found a staircase to the Ecumenical Temple.
  7694 | Temple   | Entered the Ecumenical Temple
  8378 | D:7      | Found a hazy altar of Hepliaklqana.
  8855 | D:7      | You fall into a shaft and drop 3 floors!
  8855 | D:10     | Entered Level 10 of the Dungeon
  8910 | D:10     | Killed from afar by an orc priest

Illustrated notes

Levels and vault maps discovered:
D:1:      psy_arrival_radial01, layout_basic
D:2:      layout_basic, kennysheep_another_room, minmay_pentomino_r2
D:3:      layout_basic, hangedman_decor_push, uniq_jessica
D:4:      layout_loops_ring, nicolae_overflow_hidden_temple,
          portal_sewer_entry_f, minmay_gold_behind_fungi
D:5:      layout_loops_ring, kennysheep_mini_moat,
          gammafunk_temple_overflow_claw, kennysheep_small_spiral
D:6:      layout_basic, minmay_temple_entry_arrows, ebering_ghost_disaster_area
D:7:      lemuel_upstairs_altar, layout_basic, old_standard_altar,
          fedhas_altar_3, chequers_serial_rivers_micro_b, dk_rats_in_the_wall,
          uniq_menkaure
D:10:     layout_cave_pools, wad_mini_maze
Temple:   eino_temple_water

Skill      XL: |  1  2  3  4  5  6  7  8 |
---------------+-------------------------+-----
Transmutations | 2 3 4 5 6 7 |  7.2
Unarmed Combat | 3 4 5 6 7 |  7.5
Fighting       | |  1.0
Dodging        | |  1.7
Spellcasting   | |  2.0

Action                   |  1- 3 |  4- 6 |  7- 9 || total
-------------------------+-------+-------+-------++-------
Melee: Unarmed           |    96 |   207 |   156 ||   459
       Kick              |    15 |     6 |       ||    21
       Headbutt          |     6 |     4 |       ||    10
       Whip              |       |     8 |       ||     8
       Punch             |       |     3 |     2 ||     5
 Cast: Beastly Appendage |    11 |     3 |       ||    14
       Spider Form       |       |     6 |    14 ||    20
       Ice Form          |       |       |     1 ||     1
  Use: Potion            |       |     2 |       ||     2
       Scroll            |       |     4 |     9 ||    13
 Stab: Sleeping          |       |     1 |       ||     1
Armor: Robe              |    10 |    34 |     6 ||    50
       Skin              |       |     1 |     2 ||     3
Dodge: Dodged            |    54 |   141 |   130 ||   325

Table legend: (Time is in decaauts)
 A = Elapsed time spent in this place.
 B = Non-inter-level travel time spent in this place.
 C = Inter-level travel time spent in this place.
 D = Time resting spent in this place.
 E = Time spent auto-exploring this place.
 F = Levels seen in this place.
 G = Mean time per level.
                   A        B        C        D        E       F      G
               +--------+--------+--------+--------+--------+-----+--------+
         Total |   8876 |   8539 |    337 |    448 |   6964 |   9 |  986.2 |
       Dungeon |   8684 |   8360 |    324 |    448 |   6787 |   8 | 1085.5 |
        Temple |    192 |    179 |     13 |      0 |    177 |   1 |  192.0 |
               +--------+--------+--------+--------+--------+-----+--------+

Top non-repeatable levels by time:
     D:4: 1775 daAuts
     D:6: 1565 daAuts
     D:5: 1447 daAuts
     D:2: 1094 daAuts
     D:3: 1057 daAuts
     D:1: 1014 daAuts
     D:7: 675 daAuts
  Temple: 192 daAuts
    D:10: 53 daAuts
